 Dungeon Crawl Stone Soup version 0.27.1 (webtiles) character file.

Game seed: 7303687550196615312

4491 nixonesque the Cleaver (level 10, -9/88 HPs)
             Began as a Minotaur Berserker on Aug 24, 2021.
             Was an Elder of Trog.
             Mangled by a thrashing horror (17 damage)
             ... on level 1 of the Abyss.
             The game lasted 00:27:16 (9162 turns).

nixonesque the Cleaver (Minotaur Berserker)         Turns: 9162, Time: 00:27:17

Health: -9/88      AC: 16    Str: 22    XL:     10   Next: 16%
Magic:  9/9        EV: 10    Int:  4    God:    Trog [****..]
Gold:   392        SH:  0    Dex: 13    Spells: 9/9 levels left

rFire    . . .     SeeInvis .   q - +1 war axe
rCold    . . .     Faith    .   (no shield)
rNeg     . . .     Spirit   .   D - +0 chain mail
rPois    .         Reflect  .   (helmet restricted)
rElec    .         Harm     .   w - +1 cloak
rCorr    .         Rampage  .   f - +0 pair of gloves
Will     ++...                  r - +0 pair of boots
Stlth    ..........             (no amulet)
HPRegen  1.24/turn              (no ring)
MPRegen  0.11/turn              (no ring)

@: about to teleport, strong-willed, regenerating
A: horns 2, retaliatory headbutt, wild magic 1
a: Renounce Religion, Berserk, Trog's Hand, Brothers in Arms


You were on level 1 of the Abyss.
You worshipped Trog.
Trog was greatly pleased with you.
You visited 2 branches of the dungeon, and saw 8 of its levels.
You visited the Abyss 1 time.

You collected 392 gold pieces.

Inventory:

Hand Weapons
 q - a +1 war axe (weapon)
Armour
 f - a +0 pair of gloves (worn)
 o - a +2 robe of resistance
 r - a +0 pair of boots (worn)
 w - a +1 cloak (worn)
 D - a +0 chain mail (worn)
Wands
 a - a wand of digging (15)
 t - a wand of iceblast (7)
 x - a wand of acid (26)
Scrolls
 b - a scroll of brand weapon
 e - a scroll of enchant weapon
 g - a scroll of fear
 i - a scroll of enchant armour
 k - a scroll of vulnerability
 n - 2 scrolls of immolation
 s - 2 scrolls of teleportation
 u - a scroll of silence
 y - a scroll of amnesia {unknown}
 B - a scroll of torment {unknown}
Potions
 c - a potion of cancellation
 d - a potion of might
 h - a potion of degeneration {unknown}
 j - a potion of heal wounds {unknown}
 m - a potion of curing
 p - a potion of invisibility {unknown}
 v - a potion of brilliance {unknown}
 z - a potion of lignification {unknown}
 A - a potion of mutation
 C - a potion of haste {unknown}


   Skills:
 + Level 8.2 Fighting
 + Level 11.7(11.9) Axes
 + Level 3.4(8.4) Maces & Flails
 + Level 9.3 Armour
 + Level 5.9 Dodging
 + Level 1.0 Stealth


You had 9 spell levels left.
You didn't know any spells.
Your spell library was empty.

Dungeon Overview and Level Annotations

Branches:
Dungeon (7/15)             Temple (1/1) D:4

Altars:
Ashenzari
Cheibriados
Elyvilon
Fedhas
Gozag
Hepliaklqana
Kikubaaqudgha
Makhleb
Nemelex Xobeh
Okawaru
Qazlal
Ru
Sif Muna
Trog
Uskayaw
Vehumet
Xom
The Shining One

Annotations:
D:4 exclusion: oklob plant


Innate Abilities, Weirdness & Mutations

You have a pair of horns on your head.
You reflexively headbutt those who attack you in melee.
Your spells are a little harder to cast, but a little more powerful.


Message History

You hit the starspawn tentacle but do no damage.
The starspawn tentacle is lightly damaged.
You hit the starspawn tentacle segment. The tentacle pulls you backwards!
The starspawn tentacle constricts you.
The starspawn tentacle's grasp on you weakens, but your attempt to escape fails.
The thrashing horror tramples you!!
* * * LOW HITPOINT WARNING * * *
You are held in place!
The thrashing horror tramples you but does no damage.
The starspawn tentacle constricts you.
The starspawn tentacle loses its grip on you.
The tentacle pulls you backwards!
Okay, then.
Okay, then.
Unknown command.
The thrashing horror tramples you.
* * * LOW HITPOINT WARNING * * *
You stumble backwards!
The thrashing horror tramples you but does no damage.
The thrashing horror barely misses you.
A tentacle flies out from the starspawn's body!
A starspawn tentacle comes into view.
The thrashing horror tramples you.
* * * LOW HITPOINT WARNING * * *
You stumble backwards!
The starspawn tentacle misses you.
As you read the scroll of teleportation, it crumbles to dust.
You feel strangely unstable.
You feel the power of the Abyss delaying your translocation!
The thrashing horror roars!
The starspawn tentacle grabs you. The starspawn tentacle constricts you.
* * * LOW HITPOINT WARNING * * *
The starspawn tentacle loses its grip on you.
The tentacle pulls you backwards!
A starspawn tentacle segment comes into view.
The starspawn tentacle grabs you. The starspawn tentacle constricts you.
* * * LOW HITPOINT WARNING * * *
Unknown command.
You escape the starspawn tentacle's grasp.
The thrashing horror tramples you!
You die...

# #. #.## ...
...###..###
#.#.....#
#...##.##
#..#....#
#.#...####.#.#
#.##.##.w#...#.#
# ##...<@.##...#
#.#..XXw...#
#....#....#.....
#.#...###.## ..≈
#.#....#..# ≈
#.....##...
#...#.##.#..
#.#....## ..≈
#..##..# #.≈♣


You could see a tentacled starspawn, a thrashing horror (strong) and 2 starspawn
tentacles.

Vanquished Creatures
  The ghost of Skimidon the Ruffian, a novice TrFi of Gozag (D:7)
  Pikel (D:4)
  A kobold demonologist (D:7)
  Menkaure (D:6)
  A water moccasin (D:6)
  Duvessa (D:4)
  3 black bears (D:5)
  4 necrophages (D:7)
  2 phantoms
  A lemure (D:4)
  4 kobold brigands (D:7)
  Blork the orc (D:6)
  2 scorpions
  A wyvern zombie (D:7)
  A gnoll sergeant (D:5)
  2 water moccasin zombies
  A wyvern skeleton (D:7)
  Dowan (D:4)
  2 water moccasin skeletons
  12 wights (D:7)
  A centaur zombie (D:6)
  A bullfrog zombie (D:7)
  A human zombie (D:7)
  A bullfrog skeleton (D:7)
  A gnoll shaman (D:5)
  A hound (D:4)
  4 jellies
  An orc wizard (D:5)
  A killer bee zombie (D:7)
  A hound skeleton (D:2)
  Robin (D:3)
  2 mummies (D:7)
  A howler monkey zombie (D:7)
  7 gnolls (D:5)
  9 adders
  A shadow imp (D:6)
  3 white imps
  2 ufetubi
  An adder skeleton (D:5)
  4 worms (D:2)
  3 dart slugs
  13 orcs
  4 endoplasms
  5 giant cockroaches
  23 hobgoblins
  4 iguanas
  2 jackals (D:4)
  4 quokkas
  7 ball pythons
  7 bats
  A frilled lizard (D:1)
  11 goblins
  11 kobolds
  4 rats
186 creatures vanquished.

Vanquished Creatures (others)
  3 lemures (D:4)
  A hound (D:4)
  2 fungi
  5 plants
  A starspawn tentacle (Abyss:1)
  15 toadstools (D:4)
27 creatures vanquished.

Grand Total: 213 creatures vanquished

Notes
Turn   | Place    | Note
-------+----------+-------------------------------------------
     0 | D:1      | nixonesque the Minotaur Berserker began the quest for the
                  | Orb.
     0 | D:1      | Reached XP level 1. HP: 19/19 MP: 0/0
   339 | D:1      | Reached XP level 2. HP: 21/27 MP: 1/1
   789 | D:1      | Reached skill level 4 in Axes
  1159 | D:2      | Reached XP level 3. HP: 26/33 MP: 2/2
  1635 | D:2      | Reached XP level 4. HP: 36/41 MP: 3/3
  1679 | D:2      | Reached ** piety under Trog
  2079 | D:3      | Noticed Robin
  2079 | D:3      | Noticed a phantom
  2090 | D:3      | Reached skill level 5 in Axes
  2098 | D:3      | Killed a phantom
  2099 | D:3      | Reached XP level 5. HP: 23/47 MP: 4/4
  2101 | D:3      | Killed Robin
  2709 | D:3      | Reached *** piety under Trog
  2976 | D:4      | Noticed Dowan
  2982 | D:4      | Reached skill level 5 in Fighting
  2989 | D:4      | Reached XP level 6. HP: 26/56 MP: 5/5
  2991 | D:4      | Killed Dowan
  2995 | D:4      | Noticed Duvessa
  3158 | D:4      | Killed Duvessa
  3159 | D:4      | Reached skill level 6 in Axes
  3159 | D:4      | Reached skill level 1 in Maces & Flails
  3517 | D:4      | Found an opulent altar of Gozag.
  3749 | D:4      | Reached XP level 7. HP: 50/61 MP: 6/6
  3762 | D:4      | Reached skill level 5 in Armour
  4077 | D:4      | Found a blossoming altar of Fedhas.
  4091 | D:4      | Noticed an oklob plant
  4414 | D:4      | Noticed Pikel
  4415 | D:4      | Found a staircase to the Ecumenical Temple.
  4444 | D:4      | Killed Pikel
  4445 | D:4      | Reached skill level 7 in Axes
  4445 | D:4      | Reached XP level 8. HP: 70/70 MP: 7/7
  4491 | Temple   | Entered the Ecumenical Temple
  5153 | D:5      | Entered Level 5 of the Dungeon
  5810 | D:5      | Found a shimmering altar of Xom.
  5863 | D:5      | Reached skill level 8 in Axes
  6699 | D:6      | Noticed Blork the orc
  6711 | D:6      | Killed Blork the orc
  6712 | D:6      | Reached skill level 5 in Dodging
  6817 | D:6      | Reached **** piety under Trog
  6827 | D:6      | Reached XP level 9. HP: 68/78 MP: 8/8
  6999 | D:6      | Noticed Menkaure
  7009 | D:6      | Killed Menkaure
  7010 | D:6      | Reached skill level 9 in Axes
  7161 | D:6      | Found a hide-covered altar of Uskayaw.
  7328 | D:6      | Gained mutation: Your spells are a little harder to cast,
                  | but a little more powerful. [potion of mutation]
  8003 | D:7      | Reached skill level 10 in Axes
  8003 | D:7      | Reached skill level 1 in Stealth
  8857 | D:7      | Found an ancient bone altar of Kikubaaqudgha.
  9010 | D:7      | Found a runed translucent gate.
  9010 | D:7      | Found a runed translucent gate.
  9010 | D:7      | Found a runed translucent gate.
  9011 | D:7      | Noticed Skimidon's ghost (novice TrFi)
  9012 | D:7      | Identified the +2 robe "Plog" {Int+4}
  9015 | D:7      | Noticed a kobold demonologist
  9022 | D:7      | Noticed a red devil
  9023 | D:7      | Noticed a rust devil
  9024 | D:7      | Noticed a red devil
  9028 | D:7      | Killed Skimidon's ghost
  9029 | D:7      | Reached skill level 11 in Axes
  9029 | D:7      | Reached XP level 10. HP: 80/88 MP: 9/9
  9042 | D:7      | Cast into level 1 of the Abyss (kobold brigand)
  9139 | Abyss:1  | Noticed a thrashing horror
  9143 | Abyss:1  | Noticed a tentacled starspawn
  9162 | Abyss:1  | Mangled by a thrashing horror

Illustrated notes

Levels and vault maps discovered:
D:1:      minmay_arrival_radiant_lines, layout_loops_ring, kennysheep_crisscross
D:2:      layout_basic
D:3:      layout_rooms, uniq_robin
D:4:      layout_loops_ring, tgw_fedhas,
          nicolae_gozag_cash_rules_everything_around_me,
          lemuel_temple_firewalk_a, uniq_duvessa, uniq_pikel
D:5:      layout_loops_corners, dk_xom_monty_hall
D:6:      layout_rooms, mainiacjoe_overflow_alcove_2, uniq_blork_the_orc,
          uniq_menkaure
D:7:      layout_rooms, lemuel_mausoleum_altar_kikubaaqudgha,
          mainiacjoe_overflow_alcove_1, gammafunk_ghost_nasty_kobolds
Temple:   oiseaux_autumnal_temple
Abyss:1:  base:
D:3

Skill      XL: |  1  2  3  4  5  6  7  8  9 |
---------------+----------------------------+-----
Fighting       | 4 5 6 8 |  8.2
Axes           | 4 5 6 7 8 11 | 11.7
Armour         | 3 4 6 8 9 |  9.3
Dodging        | 3 4 5 |  5.9
Maces & Flails | 2 3 |  3.4
Stealth        | 1 |  1.0

Action                   |  1- 3 |  4- 6 |  7- 9 | 10-12 || total
-------------------------+-------+-------+-------+-------++-------
Melee: Hand axe          |    68 |    70 |       |       ||   138
       Headbutt          |    15 |    20 |    44 |     1 ||    80
       Flail             |       |    37 |       |       ||    37
       War axe           |       |    20 |   260 |    15 ||   295
Invok: Berserk           |       |     3 |     6 |       ||     9
       Trog's Hand       |       |     1 |     4 |     1 ||     6
  Use: Scroll            |       |       |    11 |     3 ||    14
       Potion            |       |       |     1 |       ||     1
Armor: Animal skin       |     2 |       |       |       ||     2
       Leather armour    |     1 |       |       |       ||     1
       Ring mail         |    25 |    40 |       |       ||    65
       Scale mail        |       |    27 |   112 |       ||   139
       Chain mail        |       |       |    36 |    18 ||    54
Dodge: Dodged            |    49 |    96 |   132 |    22 ||   299
